 Dungeon Crawl Stone Soup version 0.31.0-12-g77e489cdc1 (webtiles) character file.

Game seed: 12431774398766145173

99 sligmaballs the Sneak (level 5, -2/31 HPs)
             Began as a Kobold Brigand on Feb 28, 2024.
             Slain by Natasha (7 damage)
             ... on level 2 of the Dungeon.
             The game lasted 00:06:55 (1498 turns).

sligmaballs the Sneak (Kobold Brigand)              Turns: 1498, Time: 00:06:56

Health: -2/31      AC:  3    Str:  8    XL:     5   Next: 2%
Magic:  5/5        EV: 14    Int: 12    God:
Gold:   89         SH:  0    Dex: 19    Spells: 4/4 levels left

rFire   . . .        a - +2 dagger
rCold   . . .        (no shield)
rNeg    . . .        b - +0 robe
rPois   .            (no helmet)
rElec   .            c - +0 cloak
rCorr   .            (no gloves)
SInv    .            (no boots)
Will    .....        (no amulet)
Stlth   +++++        (no ring)
HPRegen 0.25/turn    (no ring)
MPRegen 0.09/turn

%: no passive effects
@: no status effects
A: small, no large weapons, nightstalker 3
a: no special abilities


You were on level 2 of the Dungeon.
You visited 1 branch of the dungeon, and saw 2 of its levels.

You collected 89 gold pieces.

Inventory:

Hand Weapons
 a - a +2 dagger (weapon)
Missiles
 d - 9 poisoned darts (quivered)
 e - 3 curare-tipped darts
 i - 5 atropa-tipped darts
Armour
 b - a +0 robe (worn)
 c - a +0 cloak (worn)
Jewellery
 o - a ring of wizardry
Scrolls
 f - 2 scrolls of identify {unknown}
 h - a scroll of vulnerability {unknown}
 j - 2 scrolls of fear {unknown}
 l - 2 scrolls of butterflies {unknown}
Potions
 g - a potion of degeneration {unknown}
 k - a potion of resistance {unknown}
 m - a potion of ambrosia {unknown}
 n - a potion of attraction {unknown}


   Skills:
 + Level 2.5 Fighting
 + Level 3.4 Short Blades
 + Level 2.1 Throwing
 + Level 1.8 Dodging
 * Level 7.5 Stealth


You had 4 spell levels left.
You didn't know any spells.
Your spell library contained the following spells:

 Spells                   Type           Power      Damage    Failure   Level
 Magic Dart               Conj           0%         1d3       32%         1
 Sandblast                Erth           0%         2d4       32%         1
 Mercury Vapours          Alch/Air       0%         N/A       45%         2
 Mephitic Cloud           Conj/Alch/Air  0%         N/A       69%         3
 Passwall                 Erth           0%         N/A       69%         3
 Stone Arrow              Conj/Erth      0%         3d7       69%         3
 Brom's Barrelling Bould  Conj/Erth      0%         2d3       97%         4
 Iskenderun's Battlesphe  Conj           0%         2d6       100%        5
 Malign Gateway           Summ/Tloc      0%         N/A       100%        7
 Summon Horrible Things   Summ           0%         N/A       100%        8


Dungeon Overview and Level Annotations

Branches:
Dungeon (2/15)

Altars:

Annotations:
D:2 Natasha, Robin


Innate Abilities, Weirdness & Mutations

You are small and have problems with some larger weapons.
You are completely attuned to the shadows.


Message History

You feel agile.
Things that are here:
a +0 dagger; a +0 club You hit the goblin.
You kill the goblin!
A goblin comes into view. It is wielding a +0 club.
Robin hits you with a +0 falchion.
Natasha, Servant of Life and Death comes into view.
She is carrying a wand of flame.
Things that are here:
a +0 dagger; a +0 club; a goblin corpse You closely miss Robin.
Robin completely misses you.
A goblin comes into view. It is wielding a +0 dagger.
You hit Robin.
Robin is lightly wounded.
Robin roars a battlecry!
The goblins go into a battle-frenzy!
Natasha hisses angrily.
You hit Robin.
Robin is lightly wounded.
Robin closely misses you.
You hit Robin but do no damage.
Robin is lightly wounded.
Robin hits you with a +0 falchion.
* * * LOW HITPOINT WARNING * * *
Natasha completely misses you. Robin throws the goblin at you!
The goblin hits you with a +0 dagger.
* * * LOW HITPOINT WARNING * * *
Things that are here:
a +0 dagger; a +0 club You hit the goblin.
The goblin is severely wounded.
Natasha mumbles some strange words.
You feel disoriented.
Natasha zaps a wand.
The puff of flame misses you.
You hit the goblin.
You kill the goblin!
Natasha zaps a wand.
The puff of flame misses you. Robin attacks as they pursue you!
Robin barely misses you. Natasha claws you!
You die...
Natasha curls up and begins to purr.

.....# #.# ###.#########....<
.###.# ####.#####.# ##.#.# .# #.#
#...#......#########....# .###.##
#.##.#######............#
......###.##.#### #.#######...##
........<.......# #.########.##
.....####.##.##.## #........#.#
.###.#)......#..h##########.#.###
.# #.#.##.##...†@gg.># #.#....
.###.#.##.##.#...###.# #.#####
........#.##.##.## # #.#
#.........##.##.# #.#
#.#.....#[##..#.# #.# .......[#.#
### #.# .)#.....#.# # #.. #.#####
.###.#..#.# #.#.#.# #.#....
..##.#..#.###.#.#.#### #.#.###


You could see Robin, Natasha and a goblin (strong).

Vanquished Creatures
  Natasha (D:2)
  2 adders (D:2)
  A dart slug (D:2)
  An orc (D:2)
  4 endoplasms
  A giant cockroach (D:1)
  9 goblins
  7 hobgoblins
  2 jackals (D:1)
  5 quokkas
  6 ball pythons
  3 bats
  3 frilled lizards
  3 kobolds
  2 rats
50 creatures vanquished.

Notes
Turn   | Place    | Note
-------+----------+-------------------------------------------
     0 | D:1      | sligmaballs the Kobold Brigand began the quest for the Orb.
     0 | D:1      | Reached XP level 1. HP: 12/12 MP: 1/1
   193 | D:1      | Reached XP level 2. HP: 17/17 MP: 2/2
   308 | D:1      | Got the Atlas of Reconfiguration and Violence
   487 | D:1      | Reached skill level 6 in Stealth
   536 | D:1      | Reached XP level 3. HP: 22/22 MP: 3/3
  1182 | D:2      | Reached XP level 4. HP: 27/27 MP: 4/4
  1309 | D:2      | Noticed Natasha
  1313 | D:2      | Killed Natasha
  1314 | D:2      | Reached skill level 7 in Stealth
  1480 | D:2      | Noticed Robin
  1488 | D:2      | Reached XP level 5. HP: 17/31 MP: 5/5
  1490 | D:2      | Noticed Natasha
  1498 | D:2      | Slain by Natasha

Illustrated notes

Levels and vault maps discovered:
D:1:      mrwooster_arrival_statue, layout_loops_corners
D:2:      layout_loops_ring, serial_bayou_lagoon_a, minmay_misc_feat_cross,
          uniq_terence, uniq_natasha, uniq_robin

Skill      XL: |  1  2  3  4 |
---------------+-------------+-----
Short Blades   | 3 |  3.4
Stealth        | 6 7 |  7.5
Fighting       | |  2.5
Throwing       | |  2.1
Dodging        | |  1.8

Action                     |  1- 3 |  4- 6 || total
---------------------------+-------+-------++-------
  Melee: Dagger            |    69 |    49 ||   118
   Stab: Sleeping          |    19 |     4 ||    23
 Armour: Robe              |    19 |    21 ||    40
  Dodge: Dodged            |    27 |    43 ||    70
